 Dungeon Crawl Stone Soup version 0.27.1-1-g398f81649c (webtiles) character file.

Game seed: 10974630608076551548

179 MisterFreud the Shield-Bearer (level 5, -1/47 HPs)
             Began as a Gnoll Fighter on Sept 15, 2021.
             Was a Believer of Kikubaaqudgha.
             Slain by Menkaure (15 damage)
             ... on level 4 of the Dungeon.
             The game lasted 00:04:43 (2761 turns).

MisterFreud the Shield-Bearer (Gnoll Fighter)       Turns: 2761, Time: 00:04:44

Health: -1/47      AC: 13    Str: 15    XL:     5   Next: 59%
Magic:  7/7        EV:  8    Int:  9    God:    Kikubaaqudgha [**....]
Gold:   113        SH: 10    Dex: 11    Spells: 7/7 levels left

rFire    . . .     SeeInvis .   i - +0 whip (elec)
rCold    . . .     Faith    .   c - +0 kite shield
rNeg     . . .     Spirit   .   b - +0 scale mail
rPois    .         Reflect  .   l - +0 helmet
rElec    .         Harm     .   (no cloak)
rCorr    .         Rampage  .   (no gloves)
Will     .....                  (no boots)
Stlth    ..........             (no amulet)
HPRegen  0.15/turn              g - +4 ring of protection
MPRegen  0.10/turn              (no ring)

@: no status effects
A: fangs 1, strong nose, distributed training
a: Renounce Religion, Receive Corpses


You were on level 4 of the Dungeon.
You worshipped Kikubaaqudgha.
Kikubaaqudgha was pleased with you.
You visited 1 branch of the dungeon, and saw 4 of its levels.

You collected 113 gold pieces.

Inventory:

Hand Weapons
 a - a +0 rapier
 i - a +0 whip of electrocution (weapon)
 m - a +3 dagger
Armour
 b - a +0 scale mail (worn)
 c - a +0 kite shield (worn)
 l - a +0 helmet (worn)
Jewellery
 g - a +4 ring of protection (left hand)
Wands
 k - a wand of digging (3)
Scrolls
 e - 2 scrolls of enchant armour {unknown}
 f - 2 scrolls of teleportation {unknown}
 j - a scroll of enchant weapon {unknown}
 n - a scroll of fear {unknown}
 o - a scroll of identify {unknown}
 q - a scroll of amnesia {unknown}
Potions
 d - a potion of might
 h - 2 potions of brilliance {unknown}
 p - a potion of haste {unknown}
 r - a potion of mutation {unknown}
 s - a potion of curing {unknown}


   Skills:
 + Level 6.7 Fighting
 + Level 4.8 Short Blades
 + Level 1.5 Long Blades
 + Level 1.5 Axes
 + Level 1.5 Maces & Flails
 + Level 1.5 Polearms
 + Level 1.5 Staves
 + Level 1.5 Slings
 + Level 1.5 Bows
 + Level 1.5 Crossbows
 + Level 1.5 Throwing
 + Level 6.7 Armour
 + Level 1.5 Dodging
 + Level 1.5 Stealth
 + Level 6.7 Shields
 + Level 1.5 Unarmed Combat
 + Level 1.5 Spellcasting
 + Level 1.2 Conjurations
 + Level 1.2 Hexes
 + Level 1.2 Summonings
 + Level 1.2 Necromancy
 + Level 1.2 Translocations
 + Level 1.2 Transmutations
 + Level 1.2 Fire Magic
 + Level 1.2 Ice Magic
 + Level 1.2 Air Magic
 + Level 1.2 Earth Magic
 + Level 1.2 Poison Magic
 + Level 1.7 Invocations
 + Level 1.5 Evocations


You had 7 spell levels left.
You didn't know any spells.
Your spell library contained the following spells:

 Spells                   Type           Power      Damage    Failure   Level
 Pain                     Necr           8%         1d4       91%         1
 Corpse Rot               Necr/Air       N/A        N/A       97%         2
 Sublimation of Blood     Necr           1%         N/A       97%         2
 Vampiric Draining        Necr           1%         2d6       99%         3
 Animate Dead             Necr           1%         N/A       100%        4
 Dispel Undead            Necr           2%         3d7       100%        4
 Summon Lightning Spire   Summ/Air       2%         N/A       100%        4
 Agony                    Necr           2%         N/A       100%        5
 Borgnjor's Vile Clutch   Necr/Erth      1%         N/A       100%        5
 Excruciating Wounds      Necr           1%         N/A       100%        5
 Storm Form               Tmut/Air       1%         N/A       100%        7
 Maxwell's Capacitive Co  Air            1%         ∞         100%        8


Dungeon Overview and Level Annotations

Branches:
Dungeon (4/15)
 Temple: D:4-7

Altars:
Kikubaaqudgha

Shops:
D:3 *

Annotations:
D:4 Blork the orc, Menkaure


Innate Abilities, Weirdness & Mutations

You have very sharp teeth.
Your uncanny sense of smell can sniff out nearby items.
Your experience applies equally to all skills.


Message History

Kikubaaqudgha accepts your kill.
You now have 102 gold pieces (gained 3).
Things that are here:
a +0 short sword; 2 stones; a kobold corpse No target in view!
Found a stone staircase leading up.
Key pressed, stopping explore.
No target in view!
There is a stone staircase leading up here.
Found a chain mail.
No target in view!
Found 11 gold pieces.
No target in view!
You see here a +0 chain mail.
You now have enough gold to buy a potion of haste on D:3.
You can access your shopping list by pressing '$'.
You now have 113 gold pieces (gained 11).
Found a scroll labelled ZEXAOT JU ZIOSS and a ring mail.
Found a stone staircase leading down.
No target in view!
Menkaure, Prince of Dust comes into view.
Found a stone staircase leading down.
Menkaure shouts!
Menkaure mumbles some strange words.
Menkaure seems to speed up.
Menkaure is nearby!
Menkaure blazes with dark energy!
Blork the orc comes into view.
He is wielding a +0 halberd.
Blork the orc shouts!
You hear a shout! x2
A lemure comes into view.
Blork the orc screams, "You are the ugliest creature I've ever seen!"
Menkaure calls on the powers of darkness!
Your body is wracked with pain!
Blork the orc convulses!
You see here a +0 ring mail.
Menkaure calls on the powers of darkness!
Your body is wracked with pain!
* * * LOW HITPOINT WARNING * * *
Blork the orc convulses!
Menkaure hits you!
You die...
Kikubaaqudgha rasps: "You have failed me!
Welcome... death!"

####.# #.#...[.## ....#
#.#..#### #.5# #.#..#
#.o#####.#..######
#.................
#.................
..####.[###..##.#######
......M.# #..##.#
#.###..@# #.>...#
....>.#...#..##.#
#.###...#.#..##.#
##.......##.# #### ##.
.# .


You could see Blork the orc, a lemure and Menkaure (fast).

Vanquished Creatures
  An orc wizard (D:3)
  Robin (D:2)
  A gnoll (D:1)
  4 adders
  An adder skeleton (D:2)
  A worm (D:2)
  A dart slug (D:2)
  3 orcs (D:3)
  10 endoplasms
  A giant cockroach (D:1)
  14 goblins
  8 hobgoblins
  2 jackals (D:1)
  5 kobolds
  6 quokkas
  5 ball pythons (D:1)
  8 bats
  4 frilled lizards
  6 rats
82 creatures vanquished.

Vanquished Creatures (others)
  2 plants (D:4)
2 creatures vanquished.

Grand Total: 84 creatures vanquished

Notes
Turn   | Place    | Note
-------+----------+-------------------------------------------
     0 | D:1      | MisterFreud the Gnoll Fighter began the quest for the Orb.
     0 | D:1      | Reached XP level 1. HP: 23/23 MP: 1/1
    99 | D:1      | Reached XP level 2. HP: 29/29 MP: 2/2
   116 | D:1      | Found a faded altar of an unknown god.
   141 | D:1      | Became a worshipper of Kikubaaqudgha
   141 | D:1      | Reached * piety under Kikubaaqudgha
   141 | D:1      | Received a gift from Kikubaaqudgha
   426 | D:1      | Reached XP level 3. HP: 34/35 MP: 3/3
   876 | D:1      | Reached skill level 1 in Invocations
   971 | D:2      | Reached ** piety under Kikubaaqudgha
  1020 | D:2      | Reached skill level 1 in Long Blades
  1020 | D:2      | Reached skill level 1 in Axes
  1020 | D:2      | Reached skill level 1 in Maces & Flails
  1020 | D:2      | Reached skill level 1 in Polearms
  1020 | D:2      | Reached skill level 1 in Staves
  1020 | D:2      | Reached skill level 1 in Slings
  1020 | D:2      | Reached skill level 1 in Bows
  1020 | D:2      | Reached skill level 1 in Crossbows
  1020 | D:2      | Reached skill level 1 in Throwing
  1020 | D:2      | Reached skill level 1 in Dodging
  1020 | D:2      | Reached skill level 1 in Stealth
  1020 | D:2      | Reached skill level 1 in Unarmed Combat
  1020 | D:2      | Reached skill level 1 in Spellcasting
  1020 | D:2      | Reached skill level 1 in Evocations
  1087 | D:2      | Reached XP level 4. HP: 31/41 MP: 5/5
  1414 | D:2      | Reached skill level 1 in Conjurations
  1414 | D:2      | Reached skill level 1 in Hexes
  1414 | D:2      | Reached skill level 1 in Summonings
  1414 | D:2      | Reached skill level 1 in Necromancy
  1414 | D:2      | Reached skill level 1 in Translocations
  1414 | D:2      | Reached skill level 1 in Transmutations
  1414 | D:2      | Reached skill level 1 in Fire Magic
  1414 | D:2      | Reached skill level 1 in Ice Magic
  1414 | D:2      | Reached skill level 1 in Air Magic
  1414 | D:2      | Reached skill level 1 in Earth Magic
  1414 | D:2      | Reached skill level 1 in Poison Magic
  1434 | D:2      | Noticed Robin
  1438 | D:2      | Killed Robin
  1800 | D:2      | Reached XP level 5. HP: 47/47 MP: 6/6
  2210 | D:3      | Found Qeonoluf's General Store.
  2212 | D:3      | Reached *** piety under Kikubaaqudgha
  2212 | D:3      | Received a gift from Kikubaaqudgha
  2756 | D:4      | Noticed Menkaure
  2758 | D:4      | Noticed Blork the orc
  2758 | D:4      | Noticed a lemure
  2761 | D:4      | Slain by Menkaure

Illustrated notes

Levels and vault maps discovered:
D:1:      dpeg_arrival_rooms_b, layout_loops_ring,
          ebering_ecumenical_altar_abandoned
D:2:      layout_loops_ring, corexii_leaking_fountain, uniq_robin
D:3:      cheibrodos_old_hovel, layout_basic, serial_shops,
          nicolae_shop_waterfront, minmay_close_crescents
D:4:      kennysheep_big_flooded_room, layout_loops_ring,
          minmay_temple_entry_crystal_x, guppyfry_early_lair_pool, uniq_ijyb,
          uniq_blork_the_orc, uniq_menkaure, uniq_pikel

Skill      XL: |  1  2  3  4 |
---------------+-------------+-----
Invocations    | 1 |  1.7
Long Blades    | 1 |  1.5
Axes           | 1 |  1.5
Maces & Flails | 1 |  1.5
Polearms       | 1 |  1.5
Staves         | 1 |  1.5
Slings         | 1 |  1.5
Bows           | 1 |  1.5
Crossbows      | 1 |  1.5
Throwing       | 1 |  1.5
Dodging        | 1 |  1.5
Stealth        | 1 |  1.5
Unarmed Combat | 1 |  1.5
Spellcasting   | 1 |  1.5
Evocations     | 1 |  1.5
Conjurations   | 1 |  1.2
Hexes          | 1 |  1.2
Summonings     | 1 |  1.2
Necromancy     | 1 |  1.2
Translocations | 1 |  1.2
Transmutations | 1 |  1.2
Fire Magic     | 1 |  1.2
Ice Magic      | 1 |  1.2
Air Magic      | 1 |  1.2
Earth Magic    | 1 |  1.2
Poison Magic   | 1 |  1.2
Fighting       | |  6.7
Short Blades   | |  4.8
Armour         | |  6.7
Shields        | |  6.7

Action                   |  1- 3 |  4- 6 || total
-------------------------+-------+-------++-------
Melee: Rapier            |    63 |       ||    63
       Bite              |     8 |    11 ||    19
       Whip              |    22 |   154 ||   176
Armor: Scale mail        |    29 |    61 ||    90
Dodge: Dodged            |    20 |    44 ||    64
Block: Kite shield       |    52 |    72 ||   124
